 Dungeon Crawl Stone Soup version 0.31-a0-1336-g7fd7ca34b5 (webtiles) character file.

Game seed: 7848549274263160175

61545 DavidJohnTaylorOni the Bludgeoner (level 15, 0/170 HPs)
             Began as an Oni Fighter on Dec 21, 2023.
             Was an Initiate of Gozag.
             Slain by Rupert
             ... wielding a +5 triple sword of flaming
              (8 damage)
             ... on level 1 of the Orcish Mines.
             The game lasted 01:22:56 (23763 turns).

DavidJohnTaylorOni the Bludgeoner (Oni Fighter)    Turns: 23763, Time: 01:22:57

Health: 0/170      AC: 17    Str: 44    XL:     15   Next: 3%
Magic:  15/15      EV: 11    Int:  6    God:    Gozag
Gold:   4815       SH:  0    Dex:  8    Spells: 14/14 levels left

rFire   . . .        a - +5 giant spiked club
rCold   x . .        (shield currently unavailable)
rNeg    + + .        b - quicksilver dragon scales
rPois   +            n - +2 hat
rElec   .            f - +0 cloak {rPois}
rCorr   .            (gloves unavailable)
SInv    .            (boots unavailable)
Will    +++..        y - amulet of regeneration Stlth
                     G - +6 ring of strength
HPRegen 1.28/turn    x - ring of the Two Names {rC- rN++ Will+ Str+8 Int-3}
MPRegen 0.14/turn

%: no passive effects
@: about to teleport
A: drunken brawling, large, unfitting armour, horns 1, tough skin 1, double
potion healing
a: Renounce Religion, Potion Petition, Call Merchant, Bribe Branch


You were on level 1 of the Orcish Mines.
You worshipped Gozag.
Gozag was most pleased with you.
You visited 3 branches of the dungeon, and saw 18 of its levels.
You also visited: Ossuary.

You collected 6605 gold pieces.
You spent 1716 gold pieces at shops.
You paid 74 gold pieces to Gozag.

Inventory:

Hand Weapons
 a - a +5 giant spiked club (weapon)
Armour
 b - quicksilver dragon scales (worn)
 f - a +0 cloak of poison resistance (worn)
 n - a +2 hat (worn)
Jewellery
 s - a ring of see invisible
 v - a ring of protection from cold
 x - the ring of the Two Names (right hand) {rC- rN++ Will+ Str+8 Int-3}
   (You found it on level 12 of the Dungeon)

   [ring of willpower]

   Str+8:     It affects your strength (+8).
   Int-3:     It affects your intelligence (-3).
   rC-:       It makes you vulnerable to cold.
   rN++:      It greatly protects you from negative energy.
   Will+:     It increases your willpower.
 y - an amulet of regeneration (around neck)
 z - a ring of fire
 G - a +6 ring of strength (left hand)
Wands
 u - a wand of flame (12)
 E - a wand of polymorph (6)
Scrolls
 c - 3 scrolls of fog
 h - 2 scrolls of teleportation
 o - 2 scrolls of poison
 r - a scroll of immolation
 t - a scroll of revelation
 w - 4 scrolls of enchant armour
 B - 4 scrolls of vulnerability
Potions
 d - 3 potions of cancellation
 g - 8 potions of curing
 i - a potion of enlightenment {unknown}
 j - 2 potions of ambrosia
 k - a potion of mutation {unknown}
 l - 2 potions of invisibility
 m - 2 potions of berserk rage
 q - 2 potions of degeneration
 A - a potion of attraction {unknown}
 C - 3 potions of resistance
 D - a potion of haste {unknown}
 F - a potion of magic {unknown}
 H - a potion of might


   Skills:
 + Level 16.2 Fighting
 - Level 20.0 Maces & Flails
 - Level 10.0 Armour
 - Level 10.0 Dodging
 - Level 3.0 Shields


You had 14 spell levels left.
You didn't know any spells.
Your spell library was empty.

Dungeon Overview and Level Annotations

Branches:
Dungeon (15/15) Zot: 25640  Temple (0/1) D:6            Lair (1/5) D:9 Zot: 5178
    Orc (2/2) D:11 Zot: 9252     Elf (0/3) Orc:2        Vaults (0/5) D:14
 Depths (0/4) D:15        Ossuary (visited)

Altars:
Ashenzari
Fedhas
Gozag
Hepliaklqana
Okawaru
Sif Muna
Trog
Vehumet
Xom
The Shining One

Shops:
D:5 :   D:14 *   D:15 (   Orc:2 *=[(

Annotations:
D:5 2 transporters, Eustachio; JaaP's ghost, weakling HODe
D:10 3 runed translucent doors, bumbalina's ghost, journeyman DsHu
Lair:1 exclusion: oklob plant
Orc:1 Rupert
Orc:2 Erolcha; Snorg


Innate Abilities, Weirdness & Mutations

Whenever you drink a potion that restores your health or magic, you attack all enemies around you.
You are too large for most types of armour.
You have a pair of small horns on your head.
You have tough skin. (AC +1)
Whenever you drink a potion that restores your health or magic, it restores twice as much.


Message History

a +0 robe; a +0 dagger
There is a stone staircase leading down here.
You climb downwards.
Level annotation: 3 runed translucent doors, bumbalina's ghost, journeyman DsHu
There is a stone staircase leading up here.
There is a stone staircase leading down here.
You climb downwards.
There is a stone staircase leading up here.
There is an open door, spattered with blood here.
There is an open door here.
There is an open door here.
There is a staircase to the Orcish Mines here.
You climb downwards.
Welcome back to the Orcish Mines!
There is a staircase back to the Dungeon here.
There is a stone staircase leading down here.
You climb downwards.
Level annotation: Erolcha; Rupert; Snorg Rupert hits you with a +5 triple sword of flaming!!
Rupert burns you.
Rupert roars madly and goes into a rage!
Rupert goes berserk!
There is a stone staircase leading up, spattered with blood here.
Okay, then.
As you read the scroll of teleportation, it crumbles to dust.
You feel strangely unstable.
Rupert hits you with a +5 triple sword of flaming.
Rupert burns you.
Rupert hits you with a +5 triple sword of flaming!!!
Rupert burns you!
Rupert hits you with a +5 triple sword of flaming!!
Rupert burns you!
You climb upwards.
There is a stone staircase leading down here.
Rupert attacks as he pursues you!
Rupert hits you with a +5 triple sword of flaming!!!
* * * LOW HITPOINT WARNING * * *
Rupert burns you!
You die...
Rupert roars with triumph.
Your body crumbles into a pile of gold.

........###................#
.....#..##................###
.........##..[))..........#.#####
...#.##.#)).)..#.............##.#
....####.......)#......#.........
...## #...[#[........####......#
.### ##[###..................##
## ##...#...@>[.........#.##
#.....#[^@..........####
##.................##.###
####........#.#........##
#.....................#
#...#....#.............
##.#.....##.##..###....
##.......#....#### ###..
#.............# ###
##............###


You could see Rupert (berserk).

Vanquished Creatures
  An orc warlord (Orc:2)
  A stone giant (D:15)
  A yaktaur captain (D:14)
  A vault guard (D:14)
  An ironbound frostheart (D:13)
  A catoblepas (D:13)
  A death knight (D:14)
  7 centaur warriors
  7 two-headed ogres
  6 boulder beetles
  2 tengu warriors
  Nergalle (D:10)
  An orc high priest (Orc:2)
  A deep elf knight (D:12)
  An arcanist (D:12)
  6 orc knights
  2 deep elf zephyrmancers (D:12)
  2 deep elf pyromancers
  21 ugly things
  2 orc sorcerers (Orc:2)
  A manticore (D:14)
  6 cyclopes
  A kobold blastminer (Orc:2)
  An unseen horror (D:12)
  2 gargoyles
  2 cane toads (Lair:1)
  An unseen horror (shapeshifter) (D:14)
  A komodo dragon (D:11)
  An efreet (D:14)
  A meliai (shapeshifter) (D:14)
  8 trolls
  A polar bear (Lair:1)
  A hornet (D:7)
  A spriggan (shapeshifter) (D:15)
  A spriggan (D:10)
  A centaur simulacrum (D:14)
  8 slime creatures (D:12)
  19 yaks
  2 wyverns
  2 wraiths
  7 basilisks
  3 humans
  9 vampire mosquitoes
  5 wargs
  Grum (D:8)
  2 steam dragons
  7 water moccasins
  2 acid dragons (D:12)
  42 orc warriors
  A sky beast (D:6)
  2 black bears
  An oni (shapeshifter) (D:15)
  9 ogres
  18 wolves
  7 centaurs
  A phantom (D:6)
  Blork the orc (D:5)
  A kobold brigand (D:7)
  2 elf zombies (Ossuary)
  8 bullfrogs
  A gnoll sergeant (D:13)
  4 scorpions
  6 wights
  29 killer bees
  2 electric eels (D:9)
  2 howler monkeys
  A centaur zombie (Ossuary)
  3 jellies
  15 orc priests
  A gnoll bouda (D:10)
  3 human zombies (Ossuary)
  Crazy Yiuf (D:2)
  9 hounds
  20 orc wizards
  2 iguanas
  A crocodile zombie (Ossuary)
  A hound zombie (Ossuary)
  3 mummies (Ossuary)
  6 gnolls
  2 adders
  2 bombardier beetles
  3 shadow imps
  A white imp (D:7)
  2 ufetubi (D:4)
  2 adder zombies (Ossuary)
  3 worms
  4 dart slugs
  74 orcs
  7 ball pythons
  8 endoplasms
  2 giant cockroaches
  9 goblins
  11 hobgoblins
  2 jackals (D:2)
  8 quokkas
  8 ball python zombies (Ossuary)
  5 bats
  3 frilled lizards
  2 gnoll zombies (Ossuary)
  5 hobgoblin zombies (Ossuary)
  5 jackal zombies (Ossuary)
  10 kobolds
  A kobold zombie (Ossuary)
  2 orc zombies (Ossuary)
  3 quokka zombies (Ossuary)
550 creatures vanquished.

Vanquished Creatures (collateral kills)
  A wight (D:9)
1 creature vanquished.

Vanquished Creatures (others)
  An electric eel (D:9)
1 creature vanquished.

Grand Total: 552 creatures vanquished

Notes
Turn   | Place    | Note
-------+----------+-------------------------------------------
     0 | D:1      | DavidJohnTaylorOni the Oni Fighter began the quest for the
                  | Orb.
     0 | D:1      | Reached XP level 1. HP: 24/24 MP: 1/1
    27 | D:1      | Found a faded altar of an unknown god.
   225 | D:1      | Gained mutation: Whenever you drink a potion that restores
                  | your health or magic, it restores twice as much. [Oni
                  | growth]
   225 | D:1      | Gained mutation: You have a pair of small horns on your
                  | head. [Oni growth]
   225 | D:1      | Gained mutation: You have tough skin. (AC +1) [Oni growth]
   225 | D:1      | Reached XP level 2. HP: 32/32 MP: 2/2
   478 | D:1      | Reached XP level 3. HP: 39/39 MP: 3/3
   738 | D:2      | Reached skill level 3 in Maces & Flails
  1087 | D:2      | Reached XP level 4. HP: 46/48 MP: 4/4
  1366 | D:3      | Found an opulent altar of Gozag.
  1371 | D:3      | Became a worshipper of Gozag Ym Sagoz the Greedy
  1668 | D:3      | Found an iron altar of Okawaru.
  2040 | D:4      | Noticed a scorpion
  2045 | D:4      | Killed a scorpion
  2046 | D:4      | Reached skill level 4 in Maces & Flails
  2046 | D:4      | Reached XP level 5. HP: 44/54 MP: 5/5
  2413 | D:4      | Found a blossoming altar of Fedhas.
  2811 | D:5      | Entered Level 5 of the Dungeon
  2811 | D:5      | Noticed Blork the orc
  2811 | D:5      | Found a transporter.
  2837 | D:5      | Found Yfiteyx's Self-Improvement Boutique.
  2881 | D:5      | Found a shimmering blue altar of Sif Muna.
  2912 | D:4      | Reached skill level 5 in Maces & Flails
  3041 | D:5      | Noticed JaaP's ghost (weakling HODe)
  3074 | D:5      | Reached XP level 6. HP: 61/62 MP: 6/6
  3111 | D:5      | Killed Blork the orc
  3112 | D:5      | Reached skill level 6 in Maces & Flails
  3339 | D:5      | Found a glowing golden altar of the Shining One.
  3416 | D:5      | Found a transporter.
  3444 | D:5      | Noticed Eustachio
  3530 | D:5      | Reached skill level 7 in Maces & Flails
  3530 | D:5      | Reached XP level 7. HP: 34/70 MP: 7/7
  3869 | D:5      | Reached skill level 8 in Maces & Flails
  4293 | D:6      | Found a broken altar of Ashenzari.
  4551 | D:6      | Found a hazy altar of Hepliaklqana.
  4599 | D:6      | Reached XP level 8. HP: 78/78 MP: 8/8
  4726 | D:6      | Found a staircase to the Ecumenical Temple.
  4754 | D:6      | Reached skill level 9 in Maces & Flails
  5447 | D:7      | Reached skill level 10 in Maces & Flails
  5471 | D:7      | Reached skill level 5 in Fighting
  5601 | D:7      | Found a sand-covered staircase.
  5731 | Ossuary  | Entered an ossuary
  5873 | Ossuary  | Reached XP level 9. HP: 93/93 MP: 9/9
  6214 | D:7      | Noticed a hornet
  6228 | D:7      | Killed a hornet
  6571 | D:7      | Reached skill level 10 in Fighting
  7164 | D:8      | Reached skill level 5 in Dodging
  7170 | D:8      | Noticed Grum
  7184 | D:8      | Killed Grum
  7214 | D:8      | Reached XP level 10. HP: 83/110 MP: 10/10
  7476 | D:8      | Noticed a two-headed ogre
  7481 | D:8      | Killed a two-headed ogre
  7774 | D:8      | Noticed a two-headed ogre
  7786 | D:8      | Killed a two-headed ogre
  7835 | D:8      | Identified a scroll of acquirement
  7836 | D:8      | Acquired 508 gold pieces
  8214 | D:9      | Reached skill level 10 in Dodging
  8362 | D:5      | Bought a manual of Maces & Flails for 800 gold pieces
  8744 | D:9      | Found a staircase to the Lair.
  8894 | D:9      | Reached skill level 11 in Maces & Flails
  9126 | D:9      | Reached XP level 11. HP: 90/117 MP: 11/11
  9474 | D:9      | Reached skill level 12 in Maces & Flails
  9742 | D:9      | Identified the +8 chain mail "Epnusej" {Will- Dex+9 SInv}
 10081 | D:2      | Found a runed translucent door.
 10082 | D:2      | Noticed Crazy Yiuf
 10089 | D:2      | Killed Crazy Yiuf
 10267 | D:10     | Entered Level 10 of the Dungeon
 10346 | D:10     | Noticed a two-headed ogre
 10346 | D:10     | Noticed a two-headed ogre
 10352 | D:10     | Killed a two-headed ogre
 10352 | D:10     | Killed a two-headed ogre
 10353 | D:10     | Reached skill level 13 in Maces & Flails
 10460 | D:10     | Found the +8 pair of quick blades "Gyre" and "Gimble"
                  | {protect}
 10546 | D:10     | Reached skill level 14 in Maces & Flails
 10778 | D:10     | Noticed Nergalle
 11100 | D:10     | Killed Nergalle
 11101 | D:10     | Reached skill level 15 in Maces & Flails
 11750 | D:10     | Found a runed translucent gate.
 11750 | D:10     | Noticed a two-headed ogre
 11760 | D:10     | Killed a two-headed ogre
 11761 | D:10     | Reached skill level 16 in Maces & Flails
 11761 | D:10     | Found a runed translucent gate.
 11882 | D:10     | Found a runed translucent gate.
 11883 | D:10     | Noticed bumbalina's ghost (journeyman DsHu)
 12611 | D:11     | Found a radiant altar of Vehumet.
 12944 | D:11     | Noticed a centaur warrior
 12950 | D:11     | Killed a centaur warrior
 12951 | D:11     | Reached skill level 17 in Maces & Flails
 12953 | D:11     | Reached XP level 12. HP: 91/126 MP: 12/12
 13156 | D:11     | Found a staircase to the Orcish Mines.
 13504 | Orc:1    | Entered Level 1 of the Orcish Mines
 13914 | Orc:2    | Entered Level 2 of the Orcish Mines
 14039 | Orc:2    | Reached skill level 18 in Maces & Flails
 14691 | Orc:2    | Noticed an orc high priest
 14714 | Orc:2    | Killed an orc high priest
 15331 | Orc:2    | Paralysed by an orc sorcerer for 4 turns
 15339 | Orc:2    | Reached skill level 19 in Maces & Flails
 15390 | Orc:2    | Noticed an orc warlord
 15430 | Orc:2    | Killed an orc warlord
 15824 | Orc:2    | Reached XP level 13. HP: 120/133 MP: 13/13
 15859 | Orc:2    | Found Piritsel's Antique Armour Shop.
 15905 | Orc:2    | Found Sumaq's Jewellery Shop.
 15919 | Orc:2    | Noticed Rupert
 15928 | Orc:2    | Found Rydghit's Antique Weapon Shop.
 15964 | Orc:2    | Paralysed by Rupert for 2 turns
 16069 | Orc:2    | Found Cirryng's General Store.
 16077 | Orc:2    | Bought a scroll of vulnerability for 64 gold pieces
 16077 | Orc:2    | Bought a scroll of poison for 64 gold pieces
 16077 | Orc:2    | Bought a scroll of teleportation for 48 gold pieces
 16102 | Orc:2    | Found a staircase to the Elven Halls.
 16202 | Orc:2    | Noticed Snorg
 16232 | Orc:2    | Noticed Erolcha
 16603 | D:12     | Reached skill level 20 in Maces & Flails
 17687 | D:12     | Identified the ring of the Two Names {rC- rN++ Will+ Str+8
                  | Int-3}
 19096 | D:13     | Reached skill level 1 in Armour
 19891 | D:14     | Reached skill level 5 in Armour
 20380 | D:14     | Reached XP level 14. HP: 112/153 MP: 14/14
 20934 | D:14     | Found Laet's Assorted Antiques.
 20943 | D:14     | Bought a scroll of enchant armour for 255 gold pieces
 20943 | D:14     | Bought a smoky white potion for 30 gold pieces
 20943 | D:14     | Bought a scroll of enchant weapon for 255 gold pieces
 20943 | D:14     | Bought a potion of heal wounds for 170 gold pieces
 20943 | D:14     | Bought a murky grey potion for 30 gold pieces
 21368 | D:14     | Found a gate to the Vaults.
 21538 | D:15     | Entered Level 15 of the Dungeon
 21582 | D:15     | Found a staircase to the Depths.
 21582 | D:15     | Noticed a stone giant
 21614 | D:15     | Killed a stone giant
 21615 | D:15     | Reached skill level 10 in Armour
 22243 | D:15     | Found Zithredd's Weapon Emporium.
 22384 | D:15     | Found a bloodstained altar of Trog.
 22824 | Lair:1   | Entered Level 1 of the Lair of Beasts
 22837 | Lair:1   | Reached skill level 15 in Fighting
 22881 | Lair:1   | Found a shimmering altar of Xom.
 23302 | Lair:1   | Reached XP level 15. HP: 170/170 MP: 15/15
 23763 | Orc:1    | HP: 8/170 [Rupert/+5 triple sword of flaming (50)]
 23763 | Orc:1    | Slain by Rupert

Illustrated notes

Levels and vault maps discovered:
D:1:      mrwooster_arrival_arrow, layout_basic,
          nicolae_ecumenical_snake_handling
D:2:      layout_rooms, minmay_statues_item, uniq_crazy_yiuf_cottage
D:3:      layout_basic, marbit_many_paths, amcnicky_altar_gilded
D:4:      layout_loops_ring, mainiacjoe_overflow_alcove_1, grunt_decor_cap
D:5:      minmay_diamond_boxcup, layout_loops_cross, old_standard_altar,
          mainiacjoe_overflow_surrounded_room, gammafunk_ghost_stat_death,
          nicolae_shop_self_help, uniq_eustachio, uniq_blork_the_orc
D:6:      layout_layer_cave, mainiacjoe_overflow_cross_hatched,
          mainiacjoe_overflow_tiny_flanked, minmay_temple_entry_antechambers
D:7:      layout_loops_ring, enter_ossuary_5
D:8:      layout_cave_pools, uniq_grum
D:9:      corexii_shack_village, layout_small_grid, erik_lair_island
D:10:     layout_stronghold, gammafunk_ghost_necromancy,
          hellmonk_guarded_unrand_gyre_and_gimble, uniq_nergalle
D:11:     layout_roguey, orc_0_dummy, nicolae_zen_rock_garden,
          vehumet_altar_wand_db
D:12:     layout_long_grid, special_room [special_room_orc], kennysheep_diamond
D:13:     layout_rooms, minivault_24
D:14:     nzn_winding_woodlands_three_and_one
          [nzn_winding_woodlands_5x15_river_crossing,
          nzn_winding_woodlands_5x15_default, nzn_winding_woodlands_5x15_twine,
          nzn_winding_woodlands_center_pierced_h], layout_long_grid,
          hellmonk_vaults_keyhole, serial_shops, nicolae_shop_trees,
          nicolae_twisting_strands, nrook_mini_vaults
D:15:     grunt_enter_depths_giant_problem, layout_long_grid, serial_shops,
          shop, hex_medium, trog_butcher_becter
Lair:1:   layout_gridlike, basic_altar, grunt_megastairs_3
Orc:1:    layout_caves
Orc:2:    grunt_orc_cross, layout_diamond_mine, uniq_erolcha, uniq_rupert,
          uniq_josephine, uniq_snorg

Skill      XL: |  1  2  3  4  5  6  7  8  9 10 11 12 13 14 |
---------------+-------------------------------------------+-----
Shields        | 3 |  3.0
Dodging        | 3 6 10 | 10.0
Maces & Flails | 3 4 5 7 8 10 11 17 19 20 | 20.0
Fighting       | 7 10 13 16 | 16.2
Armour         | 6 10 | 10.0

Action                     |  1- 3 |  4- 6 |  7- 9 | 10-12 | 13-15 || total
---------------------------+-------+-------+-------+-------+-------++-------
  Melee: Flail             |    62 |       |       |       |       ||    62
         Headbutt          |     6 |    17 |    44 |    74 |   117 ||   258
         Mace              |    34 |   125 |   314 |    58 |       ||   531
         Morningstar       |       |       |       |    51 |       ||    51
         Giant spiked club |       |       |       |   420 |   553 ||   973
  Throw: Dart              |       |     4 |     4 |     5 |       ||    13
  Evoke: Wand              |       |       |    24 |    20 |       ||    44
    Use: Potion            |       |     1 |     2 |     5 |     8 ||    16
         Scroll            |       |     1 |     9 |    16 |     9 ||    35
   Stab: Distracted        |       |       |       |     4 |     6 ||    10
 Armour: Robe              |    36 |    66 |   138 |   323 |    74 ||   637
         Quicksilver drago |       |       |       |       |   357 ||   357
  Dodge: Dodged            |    39 |    83 |   122 |   451 |   307 ||  1002
  Block: Kite shield       |    39 |    48 |    85 |    46 |       ||   218

Table legend: (Time is in decaauts)
 A = Elapsed time spent in this place.
 B = Non-inter-level travel time spent in this place.
 C = Inter-level travel time spent in this place.
 D = Time resting spent in this place.
 E = Time spent auto-exploring this place.
 F = Levels seen in this place.
 G = Mean time per level.
                   A        B        C        D        E       F      G
               +--------+--------+--------+--------+--------+-----+--------+
         Total |  23776 |  22133 |   1643 |   2538 |  14180 |  19 | 1251.4 |
       Dungeon |  19771 |  18264 |   1507 |   2282 |  11951 |  15 | 1318.1 |
          Lair |    822 |    782 |     40 |      0 |    531 |   1 |  822.0 |
  Orcish Mines |   2747 |   2651 |     96 |    256 |   1525 |   2 | 1373.5 |
       Ossuary |    435 |    435 |      0 |      0 |    173 |   1 |  435.0 |
               +--------+--------+--------+--------+--------+-----+--------+

Top non-repeatable levels by time:
    D:10: 2138 daAuts
    D:12: 1841 daAuts
    D:14: 1836 daAuts
   Orc:2: 1829 daAuts
     D:9: 1808 daAuts
    D:11: 1633 daAuts
     D:6: 1434 daAuts
     D:7: 1371 daAuts
     D:5: 1351 daAuts
     D:4: 1168 daAuts
    D:13: 1102 daAuts
    D:15: 1069 daAuts
   Orc:1: 917 daAuts
     D:3: 856 daAuts
     D:8: 850 daAuts
